AoeStats
← Fame

Arena

510126501Analyzed
2v2 RM · 2d ago on Sep 29, 2026· 54m 21s· 4 players
Game mode
Random Map
Map size
Medium (4 player)
Population
200
Speed
Normal
Resources
Standard
Victory
Conquest
Starting age
Dark Age
Ending age
Imperial Age
RankedLock teamsTeams togetherTeam positionsShared explorationLock speedFull tech treeHidden civsTurbo modeCheats
Victory
Defeat
🇹🇷 Persians · Türkiye
1197
+16
🇹🇷 Bohemians · Türkiye
1180
+16
🇮🇳 Ethiopians · India
1212
-17
🇫🇷 Bengalis · France
1173
-15
Fame
4:57 Loom
10:40 Feudal Age
15:02 Castle Age
14:24 Double-Bit Axe
14:29 Horse Collar
16:40 Bow Saw
18:01 Chemistry
19:35 Padded Archer Armor
22:33 Leather Archer Armor
25:10 Wheelbarrow
28:02 Hand Cart
32:53 Imperial Age
31:04 Elite Skirmisher
32:52 Heavy Plow
32:45 Fletching
33:47 Bodkin Arrow
35:36 Ring Archer Armor
35:07 Bracer
38:05 Houfnice
41:37 Squires
43:05 Conscription
42:55 Wagenburg Tactics
44:55 Pikeman
51:08 Caravan
53:00 Scale Mail Armor
54:15 Halberdier
taaaaazzyy
9:39 Feudal Age
11:40 Loom
14:24 Castle Age
12:52 Double-Bit Axe
12:57 Horse Collar
18:26 Wheelbarrow
18:25 Bloodlines
19:30 Husbandry
23:03 Scale Barding Armor
23:21 Forging
24:39 Bow Saw
24:35 Heavy Plow
25:17 Iron Casting
26:20 Gold Mining
27:20 Chain Barding Armor
28:08 Hand Cart
29:50 Elite Skirmisher
32:20 Thumb Ring
32:58 Ballistics
32:34 Murder Holes
35:19 Imperial Age
33:37 Fletching
33:48 Padded Archer Armor
34:10 Devotion
35:28 Gold Shaft Mining
36:21 Conscription
36:01 Bodkin Arrow
36:21 Leather Archer Armor
37:07 Blast Furnace
36:43 Plate Barding Armor
36:13 Cavalier
38:21 Chemistry
37:32 Masonry
38:25 Chemistry
38:55 Ring Archer Armor
39:39 Hoardings
39:54 Architecture
39:41 Savar
42:04 Two-Man Saw
41:27 Citadels
47:54 Crop Rotation
47:56 Town Watch
50:21 Caravan
dorshiffe10
9:56 Feudal Age
14:05 Castle Age
12:04 Double-Bit Axe
13:05 Horse Collar
15:52 Bow Saw
20:19 Wheelbarrow
20:54 Bloodlines
22:22 Loom
22:53 Hand Cart
22:52 Gold Mining
23:36 Scale Barding Armor
24:34 Fletching
25:12 Fletching
25:23 Padded Archer Armor
25:43 Chain Barding Armor
26:03 Forging
25:55 Husbandry
26:57 Bodkin Arrow
27:53 Gold Shaft Mining
28:32 Ballistics
28:48 Masonry
28:49 Fortified Wall
29:47 Light Cavalry
31:32 Leather Archer Armor
32:34 Iron Casting
35:33 Imperial Age
33:05 Scale Mail Armor
33:45 Murder Holes
34:53 Stone Mining
34:57 Town Watch
35:29 Chain Mail Armor
35:55 Heavy Plow
36:58 Sanctity
36:54 Block Printing
37:04 Illumination
36:50 Fervor
37:15 Theocracy
37:09 Guilds
36:57 Elite Battle Elephant
38:14 Plate Barding Armor
37:40 Bracer
38:40 Blast Furnace
38:12 Ring Archer Armor
38:55 Architecture
39:27 Chemistry
38:33 Siege Engineers
40:45 Elite Skirmisher
42:53 Two-Man Saw
41:55 Town Patrol
41:48 Guard Tower
41:46 Arrowslits
44:05 Elite Elephant Archer
45:50 Paiks
46:06 Conscription
46:27 Redemption
48:16 Crop Rotation
50:57 Keep
54:57 Mahayana
buddy219755
10:45 Feudal Age
12:10 Double-Bit Axe
14:49 Castle Age
12:33 Horse Collar
14:04 Stone Mining
15:47 Bow Saw
19:12 Loom
22:47 Wheelbarrow
23:04 Heavy Plow
23:04 Gold Mining
24:18 Hand Cart
28:42 Fletching
28:52 Padded Archer Armor
41:44 Imperial Age
40:47 Gold Shaft Mining
40:29 Scale Barding Armor
40:34 Forging
41:50 Husbandry
42:13 Chain Barding Armor
43:00 Iron Casting
41:50 Heavy Camel Rider
43:25 Light Cavalry
47:09 Blast Furnace
46:39 Hussar
50:57 Bodkin Arrow
51:25 Ballistics
52:31 Chemistry
51:50 Leather Archer Armor
51:39 Bracer
51:59 Elite Skirmisher
52:46 Thumb Ring
54:47 Ring Archer Armor
Connection lost

Rejoining the realm…

Still unreachable

The connection could not be restored.

Session expired

The server has moved on; the page needs a fresh start.